 Dungeon Crawl Stone Soup version 0.28.0-53-g5a82cb258f (webtiles) character file.

Game seed: 9655325735562754475

1010 bnorton916 the Magician (level 8, -2/38 (41) HPs)
             Began as a Deep Elf Fire Elementalist on May 31, 2022.
             Slain by a wight
             ... wielding a +3 dagger of freezing
              (3 damage)
             ... on level 6 of the Dungeon.
             The game lasted 00:11:55 (10750 turns).

bnorton916 the Magician (DEFE)                     Turns: 10750, Time: 00:11:55

HP:   -2/38 (41)    AC:  8    Str:  5    XL:     8   Next: 1%
MP:   16/19         EV: 15    Int: 23    God:
Gold: 247           SH:  0    Dex: 15    Spells: 6/20 levels left

rFire   + . .      SeeInvis .   (no weapon)
rCold   . . .      Faith    .   (no shield)
rNeg    . . .      Spirit   .   x - +3 leather armour {rF+}
rPois   .          Reflect  .   f - +0 helmet
rElec   .          Harm     .   (no cloak)
rCorr   .          Rampage  .   (no gloves)
Will    .....                   g - +0 pair of boots
Stlth   ++........              (no amulet)
HPRegen 0.12/turn               y - +4 ring of evasion
MPRegen 0.16/turn               t - ring of wizardry

@: drained
A: no striking features
a: no special abilities


You were on level 6 of the Dungeon.
You visited 1 branch of the dungeon, and saw 6 of its levels.

You collected 247 gold pieces.

Inventory:

Missiles
 e - 120 stones
 i - 9 poisoned darts
 w - 3 silver boomerangs
Armour
 f - a +0 helmet (worn)
 g - a +0 pair of boots (worn)
 x - a +3 leather armour of fire resistance (worn)
 H - an orb of guile
Magical Staves
 E - a staff of air
Jewellery
 a - an amulet of magic regeneration
 d - a ring of resist corrosion
 n - a ring of resist corrosion
 q - a ring of ice
 t - a ring of wizardry (right hand)
 y - a +4 ring of evasion (left hand)
 A - a ring of wizardry
Scrolls
 j - a scroll of teleportation
 m - 2 scrolls of immolation
 o - a scroll of enchant armour {unknown}
 p - a scroll of vulnerability
 v - a scroll of enchant weapon
 B - a scroll of silence {unknown}
 F - a scroll of brand weapon {unknown}
 G - 2 scrolls of magic mapping {unknown}
Potions
 b - a potion of haste
 c - a potion of berserk rage {unknown}
 h - a potion of degeneration {unknown}
 k - 3 potions of curing {unknown}
 l - a potion of cancellation {unknown}
 r - a potion of brilliance {unknown}
 s - a potion of attraction {unknown}
 u - a potion of resistance {unknown}
 z - a potion of flight {unknown}
 C - a potion of mutation {unknown}
 D - 2 potions of lignification {unknown}


   Skills:
 - Level 4.0 Armour
 - Level 2.4 Dodging
 - Level 2.4 Stealth
 + Level 6.6 Spellcasting
 + Level 4.9 Conjurations
 + Level 5.9 Fire Magic


You had 6 spell levels left.
You knew the following spells:

 Your Spells              Type           Power      Damage    Failure   Level
a - Foxfire               Conj/Fire      100%       2x1d9     1%          1
b - Scorch                Fire           68%        2d8       1%          2
c - Conjure Flame         Conj/Fire      32%        6-21      1%          3
d - Flame Wave            Conj/Fire      32%        2d8       6%          4
e - Sticky Flame          Conj/Fire      32%        2d5       6%          4

Your spell library contained the following spells:

 Spells                   Type           Power      Damage    Failure   Level
 Static Discharge         Conj/Air       18%        N/A       2%          2
 Inner Flame              Hex/Fire       21%        N/A       4%          3
 Animate Armour           Summ/Erth      14%        N/A       43%         4
 Dispel Undead            Necr           7%         3d8       43%         4
 Petrify                  Tmut/Erth      7%         N/A       43%         4
 Lightning Bolt           Conj/Air       9%         1d21      43%         5
 Freezing Cloud           Conj/Ice/Air   7%         6-21      54%         5
 Summon Forest            Summ/Tloc      3%         N/A       77%         5
 Summon Mana Viper        Hex/Summ       7%         N/A       77%         5
 Statue Form              Tmut/Erth      4%         N/A       99%         6
 Summon Cactus Giant      Summ           3%         N/A       99%         6
 Orb of Destruction       Conj           15%        9d7       99%         7


Dungeon Overview and Level Annotations

Branches:
Dungeon (6/15)
 Temple: D:4-7

Altars:
Hepliaklqana

Shops:
D:4 *

Annotations:
D:4 Pikel


Message History

You start resting.
HP restored.
You climb downwards.
The wight misses you.
There is a stone staircase leading up here.
Casting: Scorch (safe; 1% risk of failure)
Confirm with . or Enter, or press ? or * to list all spells.
Flames lash the wight.
The wight is lightly damaged.
The wight's fire resistance burns away.
You hear a shout!
The wight hits you with a +3 dagger of freezing!
The wight freezes you.
An ogre comes into view. It is wielding a +0 giant spiked club.
The wight hits you with a +3 dagger of freezing!
You feel drained. The wight freezes you.
Casting: Scorch (safe; 1% risk of failure)
Confirm with . or Enter, or press ? or * to list all spells.
You conjure some foxfire!
The wight hits you but does no damage.
The wight is no longer more vulnerable to fire.
The foxfire hits the wight!
The wight is severely damaged.
The foxfire hits the wight but does no damage.
The wight is severely damaged.
The wight hits you but does no damage.
Unknown command.
Casting: Foxfire (safe; 1% risk of failure)
Confirm with . or Enter, or press ? or * to list all spells.
You conjure some foxfire!
The wight hits you but does no damage.
The foxfire hits the wight.
The wight is severely damaged.
The foxfire hits the wight.
The wight is almost destroyed.
The wight hits you with a +3 dagger of freezing.
* * * LOW HITPOINT WARNING * * *
The wight freezes you.
* * * LOW HITPOINT WARNING * * *
The wight hits you with a +3 dagger of freezing.
* * * LOW HITPOINT WARNING * * *
The wight freezes you.
You die...

.............
............
...........
#..........
#..........
#....O.....
#.......#
##.z@รท#
#...###
##.### #..#
#.## ##.#
#.## ### ##[#
#.... ##.##
#......


You could see an ogre and a wight.

Vanquished Creatures
  A black bear (D:5)
  A sky beast (D:5)
  4 lemures
  Blork the orc (D:4)
  A water moccasin zombie (D:6)
  2 wights (D:6)
  A hound (D:5)
  2 orc priests (D:4)
  2 jellies
  3 orc wizards
  Terence (D:2)
  A scorpion zombie (D:5)
  Natasha (thrice) (D:2)
  8 gnolls
  8 adders
  A white imp (D:5)
  4 worms
  An adder skeleton (D:4)
  2 dart slugs
  12 orcs
  9 ball pythons
  8 endoplasms
  6 giant cockroaches
  7 goblins
  6 hobgoblins
  7 quokkas
  5 bats
  4 frilled lizards
  6 kobolds
  3 rats
120 creatures vanquished.

Vanquished Creatures (collateral kills)
  19 foxfires
19 creatures vanquished.

Vanquished Creatures (others)
  545 foxfires
  45 plants (D:4)
590 creatures vanquished.

Grand Total: 729 creatures vanquished

Notes
Turn   | Place    | Note
-------+----------+-------------------------------------------
     0 | D:1      | bnorton916 the Deep Elf Fire Elementalist began the quest
                  | for the Orb.
     0 | D:1      | Reached XP level 1. HP: 10/10 MP: 6/6
   331 | D:1      | Reached XP level 2. HP: 15/15 MP: 4/8
   406 | D:1      | Found a faded altar of an unknown god.
  1461 | D:2      | Noticed Natasha
  1467 | D:1      | Learned a level 2 spell: Scorch
  1657 | D:2      | Reached XP level 3. HP: 19/19 MP: 5/10
  1690 | D:2      | Killed Natasha
  1691 | D:2      | Reached skill level 4 in Spellcasting
  1755 | D:2      | Noticed Natasha
  1761 | D:2      | Killed Natasha
  1762 | D:2      | Reached XP level 4. HP: 24/24 MP: 7/12
  1950 | D:2      | Found a hazy altar of Hepliaklqana.
  2748 | D:2      | Noticed Terence
  2758 | D:2      | Killed Terence
  3285 | D:2      | Reached XP level 5. HP: 28/28 MP: 10/14
  3477 | D:2      | Noticed Natasha
  3482 | D:2      | Killed Natasha
  3483 | D:2      | Reached skill level 5 in Spellcasting
  5181 | D:4      | Reached skill level 1 in Armour
  5181 | D:4      | Reached XP level 6. HP: 27/32 MP: 6/15
  5417 | D:4      | Noticed Blork the orc
  5426 | D:4      | Killed Blork the orc
  6426 | D:4      | Found Oqotwaho's Mayhem Merchandise.
  6726 | D:5      | Entered Level 5 of the Dungeon
  6782 | D:5      | Learned a level 3 spell: Conjure Flame
  6787 | D:5      | Learned a level 4 spell: Flame Wave
  6792 | D:5      | Learned a level 4 spell: Sticky Flame
  6847 | D:5      | Reached XP level 7. HP: 33/36 MP: 10/16
  7492 | D:5      | Reached skill level 5 in Fire Magic
  7991 | D:5      | Reached skill level 6 in Spellcasting
  7995 | D:5      | Noticed Pikel
  8702 | D:4      | HP: 1/36 [Pikel/+1 whip of electrocution (7)]
  9386 | D:4      | Identified a scroll of acquirement
  9386 | D:4      | Acquired the Collected Works on the Damaging Mountains
 10467 | D:6      | Reached XP level 8. HP: 3/39 MP: 10/19
 10750 | D:6      | HP: 1/38 [wight/+3 dagger of freezing (5)]
 10750 | D:6      | Slain by a wight

Illustrated notes

Levels and vault maps discovered:
D:1:      kilobyte_arrival_exit_the_forest, layout_basic,
          hellmonk_ecumenical_altar_crossroads
D:2:      layout_basic, basic_altar, kennysheep_nondescript, uniq_natasha,
          uniq_terence
D:3:      layout_basic
D:4:      wad_woods_settlement, layout_basic, hangedman_feature_mirror,
          minmay_shop_mayhem, uniq_blork_the_orc
D:5:      layout_basic, uniq_pikel
D:6:      gammafunk_wand_slinger, layout_cave_pods, trog_book,
          mainiacjoe_overflow_alcove_4

Skill      XL: |  1  2  3  4  5  6  7 |
---------------+----------------------+-----
Conjurations   | 2 3 4 |  4.9
Spellcasting   | 4 5 6 |  6.6
Fire Magic     | 4 5 |  5.9
Armour         | 1 3 4 |  4.0
Dodging        | |  2.4
Stealth        | |  2.4

Action                   |  1- 3 |  4- 6 |  7- 9 || total
-------------------------+-------+-------+-------++-------
 Cast: Foxfire           |    77 |   194 |    69 ||   340
       Scorch            |     2 |    26 |    31 ||    59
       Conjure Flame     |       |       |     1 ||     1
  Use: Scroll            |       |       |     6 ||     6
       Potion            |       |       |     1 ||     1
Armor: Robe              |       |     4 |     3 ||     7
       Leather armour    |       |       |     6 ||     6
Dodge: Dodged            |     6 |    28 |    29 ||    63
